 Dungeon Crawl Stone Soup version 0.30-a0-632-g346586fe48 (webtiles) character file.

Game seed: 16707968977979362117

726 zazu2006 the Sneak (level 7, -5/61 HPs)
             Began as a Naga Hedge Wizard on Jan 13, 2023.
             Slain by an ice beast (11 damage)
             ... on level 5 of the Dungeon.
             The game lasted 00:09:50 (4935 turns).

zazu2006 the Sneak (Naga Hedge Wizard)              Turns: 4935, Time: 00:09:51

Health: -5/61      AC:  3    Str: 12    XL:     7   Next: 72%
Magic:  3/14       EV: 10    Int: 16    God:
Gold:   64         SH:  0    Dex: 11    Spells: 6/15 levels left

rFire   . . .      SeeInvis +    r - +6 club
rCold   . . .      Faith    .    (no shield)
rNeg    . . .      Spirit   .    b - +0 robe
rPois   +          Reflect  .    (no helmet)
rElec   .          Harm     .    (no cloak)
rCorr   .          Rampage  .    (no gloves)
Will    .....                    (no barding)
Stlth   +++                      (no amulet)
HPRegen 0.30/turn                w - ring of wizardry
MPRegen 0.14/turn                (no ring)

@: very slow
A: AC +2, large, see invisible, deformed body, poison resistance, slowness 2,
spit poison 1, naga tail 1
a: Spit Poison


You were on level 5 of the Dungeon.
You visited 1 branch of the dungeon, and saw 5 of its levels.

You collected 253 gold pieces.
You spent 189 gold pieces at shops.

Inventory:

Hand Weapons
 a - a +0 dagger
 r - a +6 club (weapon)
Missiles
 u - 14 stones
 y - 2 throwing nets
Armour
 b - a +0 robe (worn)
 o - a +0 helmet
 s - a +0 helmet
Jewellery
 w - a ring of wizardry (left hand)
Wands
 z - a wand of acid (9)
Scrolls
 e - 2 scrolls of vulnerability {unknown}
 f - a scroll of enchant weapon {unknown}
 k - 3 scrolls of teleportation {unknown}
 m - 2 scrolls of fog {unknown}
 n - 3 scrolls of blinking {unknown}
 p - a scroll of noise {unknown}
 q - 4 scrolls of identify {unknown}
 x - a scroll of magic mapping {unknown}
Potions
 c - 2 potions of curing {unknown}
 d - 2 potions of magic
 g - 2 potions of flight {unknown}
 h - a potion of brilliance {unknown}
 i - a potion of lignification {unknown}
 j - 2 potions of haste
 l - 2 potions of attraction {unknown}
 t - a potion of berserk rage {unknown}
 v - 2 potions of heal wounds {unknown}


   Skills:
 + Level 2.5 Fighting
 - Level 0.2 Short Blades
 + Level 2.9 Dodging
 + Level 5.1 Stealth
 + Level 4.8 Spellcasting
 + Level 3.5 Conjurations
 + Level 1.1 Summonings
 + Level 1.0 Translocations
 + Level 0.9 Air Magic
 * Level 4.0 Poison Magic


You had 6 spell levels left.
You knew the following spells:

 Your Spells              Type           Power      Damage    Failure   Level
a - Magic Dart            Conj           60%        1d6       1%          1
b - Mephitic Cloud        Conj/Pois/Air  12%        N/A       6%          3
c - Stone Arrow           Conj/Erth      18%        3d8       9%          3
d - Blink                 Tloc           14%        N/A       6%          2

Your spell library contained the following spells:

 Spells                   Type           Power      Damage    Failure   Level
 Cigotuvi's Dreadful Rot  Necr/Pois/Air  18%        N/A       4%          2
 Sandblast                Erth           6%         2d5       6%          1
 Slow                     Hex            12%        N/A       6%          1
 Call Imp                 Summ           7%         N/A       6%          2
 Passwall                 Tmut/Erth      2%         N/A       10%         2
 Gell's Gravitas          Tloc           7%         N/A       12%         3
 Lesser Beckoning         Tloc           14%        N/A       12%         3
 Teleport Other           Tloc           7%         N/A       12%         3


Dungeon Overview and Level Annotations

Branches:
Dungeon (5/15)
 Temple: D:4-7

Altars:
Elyvilon
Fedhas
Uskayaw
Wu Jian
Xom

Shops:
D:3 [


Innate Abilities, Weirdness & Mutations

Your serpentine skin is tough. (AC +2)
You have supernaturally acute eyesight. (SInv)
Armour fits poorly on your strangely shaped body.
Your system is resistant to poisons. (rPois)
You cover ground very slowly.
You can spit poison.
You have a snake-like lower body.


Message History

Aim: an ice beast (64% to hit)
The stone arrow hits the ice beast.
The ice beast is lightly wounded.
The ice beast barely misses you.
You hit the ice beast.
The ice beast is moderately wounded.
The ice beast hits you. The ice beast freezes you.
The ice beast hits you but does no damage.
You barely miss the ice beast.
The ice beast is moderately wounded.
The ice beast closely misses you.
You hit the ice beast.
The ice beast is heavily wounded.
The ice beast hits you. The ice beast freezes you.
You hit the ice beast.
You punch the ice beast, but do no damage.
The ice beast is severely wounded.
The ice beast hits you but does no damage.
You closely miss the ice beast.
The ice beast is severely wounded.
The ice beast hits you. The ice beast freezes you!
The ice beast closely misses you.
You hit the ice beast but do no damage.
The ice beast is severely wounded.
The ice beast hits you. The ice beast freezes you!
You hit the ice beast but do no damage.
The ice beast is severely wounded.
The ice beast hits you. The ice beast freezes you!
* * * LOW HITPOINT WARNING * * *
Casting: Stone Arrow (dangerous; 9% risk of failure)
Confirm with . or Enter, or press ? or * to list all spells.
Aiming: Stone Arrow (dangerous; 9% risk of failure)
Press: ? - help, Shift-Dir - straight line, f/p - ice beast
Aim: an ice beast (severely wounded, 64% to hit)
The stone arrow hits the ice beast!
The ice beast is almost dead.
The ice beast hits you.
* * * LOW HITPOINT WARNING * * *
The ice beast freezes you!
You die...

## ..+
####...#
#.Y....#
#@# #.#
#.# #.#
#.# #.#
#.#
#.####
#....#


You could see an ice beast.

Vanquished Creatures
  Sigmund (D:2)
  Duvessa (D:4)
  A black bear (D:4)
  Dowan (D:4)
  A jelly (D:5)
  Jessica (D:2)
  An iguana (D:4)
  2 orc wizards (D:3)
  Robin (D:2)
  7 gnolls
  4 adders
  An ufetubus (D:4)
  A dart slug (D:3)
  10 orcs
  12 ball pythons
  6 bats
  3 endoplasms
  3 giant cockroaches
  13 goblins
  5 hobgoblins
  5 jackals (D:1)
  2 quokkas
  3 frilled lizards
  4 kobolds
  5 rats
94 creatures vanquished.

Notes
Turn   | Place    | Note
-------+----------+-------------------------------------------
     0 | D:1      | zazu2006 the Naga Hedge Wizard began the quest for the Orb.
     0 | D:1      | Reached XP level 1. HP: 15/15 MP: 4/4
   275 | D:1      | Reached XP level 2. HP: 14/22 MP: 0/6
   901 | D:1      | Reached XP level 3. HP: 28/28 MP: 5/8
   905 | D:1      | Learned a level 3 spell: Mephitic Cloud
   909 | D:1      | Learned a level 3 spell: Stone Arrow
   912 | D:1      | Learned a level 2 spell: Blink
  1223 | D:2      | Noticed Sigmund
  1507 | D:2      | Reached XP level 4. HP: 32/37 MP: 5/9
  1515 | D:2      | HP: 1/37 [gnoll/+0 whip (4)]
  1517 | D:2      | Reached skill level 1 in Poison Magic
  1602 | D:2      | Killed Sigmund
  1603 | D:2      | Reached skill level 1 in Fighting
  1603 | D:2      | Reached skill level 4 in Stealth
  1603 | D:2      | Reached XP level 5. HP: 15/44 MP: 7/11
  1603 | D:2      | Reached XP level 6. HP: 18/51 MP: 7/12
  1960 | D:2      | Noticed Jessica
  1967 | D:2      | Killed Jessica
  2354 | D:2      | Noticed Robin
  2365 | D:2      | Killed Robin
  3366 | D:3      | Found Ubyrche's Antique Armour Shoppe.
  3476 | D:3      | Found an ornate altar of the Wu Jian Council.
  3672 | D:3      | Bought a transparent ring mail for 189 gold pieces
  3672 | D:3      | Identified the +1 ring mail "Ebenoiq" {Str-4 Dex+5} (You
                  | bought it in a shop on level 3 of the Dungeon)
  3964 | D:4      | Found a white marble altar of Elyvilon.
  3965 | D:4      | Found a blossoming altar of Fedhas.
  3965 | D:4      | Found a shimmering altar of Xom.
  3966 | D:4      | Found a hide-covered altar of Uskayaw.
  4071 | D:4      | Noticed Duvessa
  4076 | D:4      | Noticed Dowan
  4104 | D:4      | Killed Duvessa
  4105 | D:4      | Reached XP level 7. HP: 58/58 MP: 9/14
  4111 | D:4      | Killed Dowan
  4418 | D:4      | Identified the +2 robe "Ohouso" {Dex+7}
  4454 | D:4      | Reached skill level 5 in Stealth
  4884 | D:5      | Entered Level 5 of the Dungeon
  4935 | D:5      | Slain by an ice beast

Illustrated notes

Levels and vault maps discovered:
D:1:      lemuel_arrival_room, layout_rooms, st_stairs_13, nrook_uturn,
          hangedman_decor_slide_cut
D:2:      layout_basic, nicolae_titane, uniq_sigmund, uniq_jessica, uniq_robin
D:3:      layout_basic, nicolae_wu_jian_glorious_leap, serial_shops, shop
D:4:      layout_basic, chequers_temple_overflow_statue_of_worship, uniq_duvessa
D:5:      layout_loops_ring, kennysheep_little_box,
          riverfiend_overflow_shadow_ancestor

Skill      XL: |  1  2  3  4  5  6  7 |
---------------+----------------------+-----
Poison Magic   | 2 3 4 |  4.0
Fighting       | 1 2 |  2.5
Dodging        | 2 |  2.9
Stealth        | 4 5 |  5.1
Spellcasting   | 4 |  4.8
Conjurations   | 2 3 |  3.5
Short Blades   | |  0.2
Summonings     | |  1.1
Translocations | |  1.0
Air Magic      | |  0.9

Action                   |  1- 3 |  4- 6 |  7- 9 || total
-------------------------+-------+-------+-------++-------
Melee: Dagger            |    20 |     7 |       ||    27
       Club              |       |    80 |    36 ||   116
       Punch             |       |     1 |     1 ||     2
 Cast: Magic Dart        |    63 |    74 |     8 ||   145
       Mephitic Cloud    |     2 |     4 |     4 ||    10
       Stone Arrow       |       |       |     4 ||     4
 Abil: Spit Poison       |    11 |    10 |     2 ||    23
  Use: Potion            |       |     1 |       ||     1
 Stab: Confused          |     1 |     2 |     3 ||     6
       Sleeping          |       |     3 |       ||     3
Armor: Robe              |    12 |    21 |     7 ||    40
Dodge: Dodged            |    35 |    63 |    22 ||   120

Table legend: (Time is in decaauts)
 A = Elapsed time spent in this place.
 B = Non-inter-level travel time spent in this place.
 C = Inter-level travel time spent in this place.
 D = Time resting spent in this place.
 E = Time spent auto-exploring this place.
 F = Levels seen in this place.
 G = Mean time per level.
                   A        B        C        D        E       F      G
               +--------+--------+--------+--------+--------+-----+--------+
         Total |   6037 |   5832 |    205 |     93 |   4840 |   5 | 1207.4 |
       Dungeon |   6037 |   5832 |    205 |     93 |   4840 |   5 | 1207.4 |
               +--------+--------+--------+--------+--------+-----+--------+

Top non-repeatable levels by time:
     D:2: 1877 daAuts
     D:1: 1532 daAuts
     D:4: 1500 daAuts
     D:3: 1064 daAuts
     D:5: 63 daAuts
